 Dungeon Crawl Stone Soup version 0.25-a0-419-g7650d0d (webtiles) character file.

Game seed: 12967966654292406315, levelgen mode: deterministic

21 2tousent the Caller (level 2, -1/19 HPs)
             Began as a Barachi Summoner on Jan 17, 2020.
             Slain by Grinder (3 damage)
             ... on level 3 of the Dungeon.
             The game lasted 00:05:51 (3197 turns).

2tousent the Caller (Barachi Summoner)              Turns: 3197, Time: 00:05:52

Health: -1/19      AC:  2    Str:  9    XL:     2   Next: 87%
Magic:  1/5        EV: 13    Int: 15    God:
Gold:   66         SH:  0    Dex: 12    Spells: 4/6 levels left

rFire    . . .     SeeInvis .   j - +0 spear
rCold    . . .     Gourm    .   (no shield)
rNeg     . . .     Faith    .   a - +0 robe
rPois    .         Spirit   .   (no helmet)
rElec    .         Reflect  .   (no cloak)
rCorr    .         Harm     .   (no gloves)
MR       .....                  (no boots)
Stlth    ++........             (no amulet)
HPRegen  0.06/turn              (no ring)
MPRegen  0.09/turn              (no ring)

@: slow
A: +LOS, swims, slowness 1, strong legs 1
a: Hop


You were on level 3 of the Dungeon.
You were not hungry.

You visited 1 branch of the dungeon, and saw 3 of its levels.

You collected 66 gold pieces.

Inventory:

Hand Weapons
 f - a +0 short sword
 j - a +0 spear (weapon)
Armour
 a - a +0 robe (worn)
Jewellery
 q - an uncursed ring of fire
Scrolls
 b - 3 scrolls of remove curse
 m - 2 scrolls of fear
 r - a scroll of amnesia
Potions
 g - 2 potions of lignification
 i - 2 potions of curing {unknown}
 k - a potion of ambrosia {unknown}
 o - a potion of heal wounds {unknown}
 p - a potion of berserk rage {unknown}
Comestibles
 c - 4 rations


   Skills:
 + Level 2.6 Dodging
 - Level 1.7 Stealth
 + Level 2.5 Spellcasting
 * Level 5.3 Summonings


You had 4 spell levels left.
You knew the following spells:

 Your Spells              Type           Power        Failure   Level  Hunger
b - Call Imp              Summ           ###.....     3%          2    ###....

Your spell library contained the following spells:

 Spells                   Type           Power        Failure   Level  Hunger
 Summon Small Mammal      Summ           ###.         2%          1    #......
 Call Canine Familiar     Summ           ###.....     7%          3    ###....
 Summon Guardian Golem    Hex/Summ       #.......     22%         3    ###....
 Summon Ice Beast         Ice/Summ       #.......     56%         4    #####..
 Summon Lightning Spire   Summ/Air       #.......     56%         4    #####..


Dungeon Overview and Level Annotations

Branches:
Dungeon (3/15)

Altars:

Annotations:
D:3 Grinder


Innate Abilities, Weirdness & Mutations

You can be seen from farther away. (+LOS)
You can swim through water.
You cover ground slowly.
You can hop short distances.


Message History

Your crimson imp blinks!
There is a stone staircase leading up, spattered with blood here.
You start resting.
Your crimson imp hits Grinder.
You swap places.
Your crimson imp blinks!
You closely miss Grinder.
Grinder is heavily wounded.
Grinder hits you.
You writhe in agony.
Your crimson imp blinks!
You hit Grinder.
Grinder is heavily wounded.
Grinder hits you!
* * * LOW HITPOINT WARNING * * *
Your crimson imp barely misses Grinder.
Your crimson imp blinks!
Grinder hits you.
* * * LOW HITPOINT WARNING * * *
You writhe in agony.
You die...

# ###.###### .#
.........# ..#
#.#####...##
####<........>.
#.)5@..........
#.##5..........
......$.§.§.####......
......##.##§# $..#.
#.#.# ...##.# .... ..
...<.##.# .. #
..##5##.# . #.##.#
......


You could see Grinder and a friendly crimson imp.

Vanquished Creatures
  A worm (D:2)
  A leopard gecko (D:2)
  2 bats
  A giant cockroach (D:2)
  A goblin (D:2)
  A hobgoblin (D:2)
  A quokka (D:2)
  A ball python (D:2)
  A frilled lizard (D:2)
  2 rats
12 creatures vanquished.

Vanquished Creatures (collateral kills)
  A giant cockroach (D:1)
  A goblin (D:1)
  A hobgoblin (D:2)
  2 kobolds (D:1)
  A bat (D:3)
  A frilled lizard (D:3)
7 creatures vanquished.

Grand Total: 19 creatures vanquished

Notes
Turn   | Place    | Note
-------+----------+-------------------------------------------
     0 | D:1      | 2tousent the Barachi Summoner began the quest for the Orb.
     0 | D:1      | Reached XP level 1. HP: 13/13 MP: 3/3
   883 | D:1      | Reached skill level 5 in Summonings
  1388 | D:2      | Reached XP level 2. HP: 10/19 MP: 1/5
  1937 | D:2      | Learned a level 2 spell: Call Imp
  2631 | D:3      | Noticed Grinder
  2649 | D:3      | Paralysed by Grinder for 6 turns
  3197 | D:3      | Slain by Grinder

Levels and vault maps discovered:
D:1:      lemuel_arrival_tunnels, layout_basic, serial_bayou_pond_a
D:2:      layout_basic, first_ration
D:3:      layout_loops_cross, nicolae_overflow_hidden_temple,
          lemuel_round_altar, uniq_grinder

Skill      XL: |  1 |
---------------+----+-----
Summonings     | 5 |  5.3
Dodging        | |  2.6
Stealth        | |  1.7
Spellcasting   | |  2.5

Action                   || total
-------------------------++-------
Melee: Unarmed           ||    30
       Short sword       ||    15
       Spear             ||    61
 Cast: Summon Small Mamm ||    15
       Call Imp          ||    10
  Use: Scroll            ||     8
       Potion            ||     2
  Eat: Chunk             ||     6
       Ration            ||     1
Armor: Robe              ||    15
Dodge: Dodged            ||    52

Table legend:
 A = Non-vault XP
 B = Vault XP
 C = Vault XP percentage of total XP
 D = Non-vault monster count
 E = Vault monster count
 F = Vault count percentage of total count
                 A         B        C        D         E       F
            +---------+---------+-------+---------+---------+-------
      Total |      31 |       0 |   0.0 |      19 |       0 |   0.0
            +---------+---------+-------+---------+---------+-------
        D:1 |       8 |       0 |   0.0 |       6 |       0 |   0.0
        D:2 |      21 |       0 |   0.0 |      11 |       0 |   0.0
        D:3 |       2 |       0 |   0.0 |       2 |       0 |   0.0
            +---------+---------+-------+---------+---------+-------
